 Dungeon Crawl Stone Soup version 0.24-a0-271-ga0fc33f (webtiles) character file.

Game seed: 10792889954171862869

327 shukka the Magician (level 6, -38/46 HPs)
             Began as a Mummy Wizard on Apr 23, 2019.
             Killed from afar by a hound (54 damage)
             ... with an exploding inner flame
             ... hexed by the player character
             ... on level 4 of the Dungeon.
             The game lasted 00:15:18 (3974 turns).

shukka the Magician (Mummy Wizard)                  Turns: 3974, Time: 00:15:18

Health: -38/46     AC:  4    Str: 11    XL:     6   Next: 24%
Magic:  1/14       EV: 12    Int: 19    God:
Gold:   158        SH:  0    Dex: 10    Spells: 5/16 levels left

rFire    x . .     SeeInvis .   o - +1 spear
rCold    + . .     Gourm    .   (no shield)
rNeg     + + +     Faith    .   a - +0 robe
rPois    ∞         Spirit   .   b - +0 hat
rElec    .         Reflect  .   i - +1 cloak
rCorr    .         Harm     .   (no gloves)
MR       +....                  (no boots)
Stlth    ++........             k - amulet of inaccuracy (curse)
HPRegen  0.15/turn              l - ring of protection from magic
MPRegen  0.14/turn              (no ring)

@: no status effects
A: no food or potions, fire vulnerability, cold resistance 1, negative energy
resistance 3, torment resistance, unbreathing
a: no special abilities


You were on level 4 of the Dungeon.
You were not hungry.

You visited 1 branch of the dungeon, and saw 5 of its levels.

You collected 158 gold pieces.

Inventory:

Hand Weapons
 e - a +0 short sword
 o - a +1 spear (weapon)
 q - a +0 hunting sling
Armour
 a - a +0 robe (worn)
 b - a +0 hat (worn)
 i - a +1 cloak (worn)
Jewellery
 k - a cursed amulet of inaccuracy (around neck)
 l - a ring of protection from magic (left hand)
Scrolls
 c - a scroll of enchant weapon
 d - a scroll of blinking
 h - a scroll of amnesia
 m - a scroll of noise
 n - 4 scrolls of identify
 p - a scroll of fear


   Skills:
 + Level 2.9 Fighting
 - Level 1.5 Dodging
 - Level 1.5 Stealth
 + Level 5.5 Spellcasting
 - Level 1.6 Conjurations
 - Level 1.4 Summonings
 - Level 0.7 Translocations
 + Level 1.8 Air Magic
 + Level 1.7 Poison Magic


You had 5 spell levels left.
You knew the following spells:

 Your Spells              Type           Power        Failure   Level  Hunger
a - Magic Dart            Conj           ##..         6%          1    N/A
b - Call Imp              Summ           ##......     10%         2    N/A
c - Blink                 Tloc           N/A          13%         2    N/A
d - Conjure Flame         Conj/Fire      #.......     26%         3    N/A
e - Mephitic Cloud        Conj/Pois/Air  ##......     17%         3    N/A

Your spell library contained the following spells:

 Spells                   Type           Power        Failure   Level  Hunger
 Slow                     Hex            #.......     19%         2    N/A

Dungeon Overview and Level Annotations

Branches:
Dungeon (5/15)
 Temple: D:4-7

Altars:
Cheibriados
Fedhas
Kikubaaqudgha
Makhleb
Nemelex Xobeh
Xom

Shops:
D:5 }


Innate Abilities, Weirdness & Mutations

You do not eat or drink.
Your flesh is vulnerable to fire.
You are immune to poison.
Your flesh is cold resistant. (rC+)
You are immune to negative energy. (rN+++)
You are immune to unholy pain and torment.
You can survive without breathing.


Message History

The hound barely misses you. The hound bites you.
Your white imp gestures at the hound.
The puff of frost hits the hound!
The hound explodes!
The fiery explosion engulfs the ogre!!!
The ogre explodes!
You hear an explosion!
The fiery explosion engulfs the orc!!
The orc explodes!
You feel a bit more experienced. x2
You have reached level 6!
Your experience leads to an increase in your attributes!
Increase (S)trength, (I)ntelligence, or (D)exterity?
You feel stronger.
The fiery explosion engulfs your white imp!!!
Your white imp is burned terribly!
You kill your white imp!
The fiery explosion engulfs you!!! The fire burns you terribly!
Ouch! That really hurt!
You die...

.........#≈**≈≈**≈**,,,,,,,,,,,*
...#.....#≈*≈,≈≈≈≈**,*********,*
..######.#≈*≈≈≈≈≈≈*,,* *,* ..#
#.#≈**≈≈******* *,* ..#
###≈≈****≈≈****** *,* ..#####
*≈≈≈≈≈≈≈≈≈≈,,,,* *,*
......####≈≈####≈≈**,,,* *****,*
.........####..###*,,,,* *,,,,,*
......####.....#@#,,,,,*
*,****** .<#####
#..§§§§.#,,,,,***,,,,,,, ..#
###§#####*****,,,,,,,**, ..##
#.# *,**,,*,**, ≈≈.# #.#
*,**,,,,,*, ≈≈≈# #.# *,***,*,,*,
.≈≈#### #.# *** *,***,,,,,,
≈≈≈..)# #o#####!#* *,,>,,,,,**
≈≈###.######.....h..****,,,,,*,*


There were no monsters in sight!

Vanquished Creatures
  2 ogres (D:4)
  Natasha (D:4)
  An orc wizard (D:4)
  An adder skeleton (D:4)
  An orc (D:4)
  2 bats (D:1)
  2 giant cockroaches
  3 goblins (D:1)
  A hobgoblin (D:3)
  A quokka (D:4)
  A frilled lizard (D:1)
  4 kobolds (D:1)
  4 rats
24 creatures vanquished.

Vanquished Creatures (collateral kills)
  2 hounds (D:3)
  An iguana (D:4)
  2 gnolls
  An ooze (D:2)
  4 worms
  2 dart slugs
  A leopard gecko (D:3)
  3 orcs
  3 bats
  A giant cockroach (D:2)
  2 goblins
  2 hobgoblins (D:3)
  2 jackals (D:1)
  3 quokkas (D:4)
  A ball python (D:2)
  6 frilled lizards
  A jackal skeleton (D:4)
  3 kobolds
  3 rats
43 creatures vanquished.

Grand Total: 67 creatures vanquished

Notes
Turn   | Place    | Note
-------+----------+-------------------------------------------
     0 | D:1      | shukka the Mummy Wizard began the quest for the Orb.
     0 | D:1      | Reached XP level 1. HP: 13/13 MP: 5/5
   179 | D:1      | Reached skill level 1 in Conjurations
   413 | D:1      | Reached XP level 2. HP: 19/20 MP: 2/7
   417 | D:1      | Learned a level 2 spell: Call Imp
   420 | D:1      | Learned a level 2 spell: Blink
   555 | D:1      | Reached skill level 1 in Fighting
   753 | D:1      | Reached skill level 1 in Summonings
  1779 | D:2      | Found a burning altar of Makhleb.
  1781 | D:2      | Found a shimmering altar of Xom.
  1821 | D:2      | Reached XP level 3. HP: 23/26 MP: 2/8
  1828 | D:2      | Found an ancient bone altar of Kikubaaqudgha.
  2466 | D:2      | Found a blossoming altar of Fedhas.
  2883 | D:3      | Reached XP level 4. HP: 26/33 MP: 4/10
  2888 | D:3      | Learned a level 3 spell: Conjure Flame
  2892 | D:3      | Learned a level 3 spell: Mephitic Cloud
  3440 | D:4      | Found a sparkling altar of Nemelex Xobeh.
  3482 | D:4      | Found a snail-covered altar of Cheibriados.
  3783 | D:5      | Entered Level 5 of the Dungeon
  3783 | D:5      | Found Ipnus's Gadget Emporium.
  3785 | D:5      | Noticed an ice beast
  3854 | D:4      | Noticed an ogre
  3882 | D:4      | Killed an ogre
  3882 | D:4      | Reached skill level 5 in Spellcasting
  3882 | D:4      | Reached skill level 1 in Air Magic
  3882 | D:4      | Reached skill level 1 in Poison Magic
  3882 | D:4      | Reached XP level 5. HP: 39/39 MP: 1/12
  3954 | D:4      | Noticed Natasha
  3960 | D:4      | Noticed an ogre
  3974 | D:4      | Killed an ogre
  3974 | D:4      | Killed Natasha
  3974 | D:4      | Reached XP level 6. HP: 16/46 MP: 1/14
  3974 | D:4      | Killed from afar by a hound

Levels and vault maps discovered:
D:1:      sevenhm_arrival_forest_fort_small_6, layout_basic
D:2:      layout_basic, grunt_temple_overflow_open, marbit_many_paths,
          fedhas_altar_fruit_tree
D:3:      layout_rooms, first_ration, cheibrodos_gnoll_hut
D:4:      layout_loops_cross, nemelex_xobeh_ov_fountains_minmay,
          kennysheep_slug_shrine, gup_sewer_entry_bubbles, serial_park_tiny_2,
          uniq_natasha
D:5:      wad_pebble_path, layout_cave_pods, serial_shops,
          nicolae_shop_temple_entry_statues_fountains, enter_ossuary_2

Skill      XL: |  1  2  3  4 |
---------------+-------------+-----
Conjurations   | 1 |  1.6
Fighting       | 1 2 |  2.9
Summonings     | 1 |  1.4
Spellcasting   | 5 |  5.5
Air Magic      | 1 |  1.8
Poison Magic   | 1 |  1.7
Dodging        | |  1.5
Stealth        | |  1.5
Translocations | |  0.7

Action                   |  1- 3 |  4- 6 || total
-------------------------+-------+-------++-------
Melee: Unarmed           |     4 |       ||     4
       Short sword       |    33 |       ||    33
       Spear             |     1 |    56 ||    57
 Cast: Magic Dart        |    33 |       ||    33
       Call Imp          |    51 |    20 ||    71
       Conjure Flame     |       |     5 ||     5
       Blink             |       |     1 ||     1
  Use: Scroll            |     1 |     8 ||     9
Armor: Robe              |    20 |    15 ||    35
Dodge: Dodged            |    48 |    36 ||    84

Table legend:
 A = Non-vault XP
 B = Vault XP
 C = Vault XP percentage of total XP
 D = Non-vault monster count
 E = Vault monster count
 F = Vault count percentage of total count
                 A         B        C        D         E       F
            +---------+---------+-------+---------+---------+-------
      Total |     374 |      94 |  20.1 |      61 |       6 |   9.0
            +---------+---------+-------+---------+---------+-------
        D:1 |      35 |       0 |   0.0 |      24 |       0 |   0.0
        D:2 |      20 |       3 |  13.0 |      10 |       1 |   9.1
        D:3 |      21 |      54 |  72.0 |      14 |       3 |  17.6
        D:4 |     298 |      37 |  11.0 |      13 |       2 |  13.3
            +---------+---------+-------+---------+---------+-------
